 Dungeon Crawl Stone Soup version 0.26-b1-45-g23770d1d51 (webtiles) character file.

Game seed: 16415579324720977111

24009 Delamore the Bludgeoner (level 13, 0/84 HPs)
             Began as a Gargoyle Fighter on Jan 6, 2021.
             Was the Champion of Okawaru.
             Killed from afar by a rime drake (23 damage)
             ... with a flash freeze
             ... on level 3 of the Lair of Beasts.
             The game lasted 00:16:00 (16299 turns).

Delamore the Bludgeoner (Gargoyle Fighter)         Turns: 16299, Time: 00:16:00

Health: 0/84       AC: 26    Str: 23    XL:     13   Next: 10%
Magic:  16/16      EV:  8    Int: 17    God:    Okawaru [******]
Gold:   473        SH: 11    Dex:  9    Spells: 12/12 levels left

rFire    + . .     SeeInvis .   a - +2 demon whip (venom)
rCold    + . .     Faith    +   c - +0 kite shield
rNeg     + + .     Spirit   .   S - +2 storm dragon scales
rPois    ∞         Reflect  .   l - +2 helmet
rElec    +         Harm     .   n - scarf {rC+ rF+}
rCorr    .         Rampage  .   (no gloves)
Will     .....                  (no boots)
Stlth    ..........             m - amulet of faith
HPRegen  0.24/turn              F - ring of positive energy
MPRegen  0.15/turn              A - +6 ring of intelligence

@: no status effects
A: negative energy resistance 1, electricity resistance, unbreathing,
petrification resistance, miasma immunity, AC +9
a: Renounce Religion, Heroism, Finesse


You were on level 3 of the Lair of Beasts.
You worshipped Okawaru.
Okawaru was exalted by your worship.
You visited 2 branches of the dungeon, and saw 13 of its levels.

You collected 746 gold pieces.
You spent 273 gold pieces at shops.

Inventory:

Hand Weapons
 a - a +2 demon whip of venom (weapon)
 Q - a +1 morningstar of draining
Missiles
 q - 3 curare-tipped darts
 s - 87 poisoned darts (quivered)
Armour
 c - a +0 kite shield (worn)
 l - a +2 helmet (worn)
 n - a scarf of resistance (worn)
 S - +2 storm dragon scales (worn)
Jewellery
 m - an amulet of faith (around neck)
 A - a +6 ring of intelligence (right hand)
 F - a ring of positive energy (left hand)
Wands
 e - a wand of random effects (56)
 j - a wand of disintegration (34)
 B - a wand of flame (18)
 C - a wand of iceblast (9)
 I - a wand of paralysis (9)
 O - a wand of polymorph (10)
 P - a wand of digging (5)
Scrolls
 b - 2 scrolls of acquirement {unknown}
 f - 2 scrolls of random uselessness {unknown}
 k - 4 scrolls of amnesia
 o - 10 scrolls of remove curse
 p - 4 scrolls of blinking
 r - 7 scrolls of teleportation
 t - 2 scrolls of magic mapping {unknown}
 u - 3 scrolls of enchant weapon
 v - a scroll of enchant armour
 w - 4 scrolls of fear
 y - a scroll of noise {unknown}
 D - 2 scrolls of fog {unknown}
 E - a scroll of vulnerability
 K - a scroll of torment
 M - a scroll of immolation
Potions
 d - 4 potions of might
 g - 2 potions of attraction
 h - a potion of flight {unknown}
 i - 10 potions of curing
 x - a potion of resistance
 z - 2 potions of mutation
 G - 3 potions of degeneration {unknown}
 H - a potion of invisibility {unknown}
 J - 3 potions of cancellation {unknown}
 L - 4 potions of heal wounds
 N - a potion of brilliance {unknown}
 T - a potion of magic {unknown}
 U - 5 potions of ambrosia
Miscellaneous
 R - a phantom mirror


   Skills:
 + Level 11.6 Fighting
 + Level 15.9 Maces & Flails
 - Level 3.2 Armour
 - Level 3.0 Dodging
 + Level 8.7 Shields
 - Level 5.0 Invocations


You had 12 spell levels left.
You didn't know any spells.
Your spell library contained the following spells:

 Spells                   Type           Power        Failure   Level
 Magic Dart               Conj           0%           99%         1
 Summon Small Mammal      Summ           0%           99%         1
 Blink                    Tloc           N/A          99%         2
 Call Imp                 Summ           0%           99%         2
 Poisonous Vapours        Pois/Air       0%           99%         2
 Slow                     Hex            0%           99%         2
 Swiftness                Air            0%           99%         2
 Call Canine Familiar     Summ           0%           100%        3
 Conjure Flame            Conj/Fire      0%           100%        3
 Ignite Poison            Fire/Tmut/Pois 0%           100%        3
 Mephitic Cloud           Conj/Pois/Air  0%           100%        3
 Summon Guardian Golem    Hex/Summ       0%           100%        3
 Olgreb's Toxic Radiance  Pois           0%           100%        4
 Summon Ice Beast         Ice/Summ       0%           100%        4
 Summon Lightning Spire   Summ/Air       0%           100%        4
 Alistair's Intoxication  Tmut/Pois      0%           100%        5
 Eringya's Noxious Bog    Tmut/Pois      0%           100%        6
 Freezing Cloud           Conj/Ice/Air   0%           100%        6
 Iron Shot                Conj/Erth      0%           100%        6


Dungeon Overview and Level Annotations

Branches:
Dungeon (10/15)            Temple (0/1) D:7            Lair (3/6) D:10
  Swamp: Lair:2-4    Shoals: Lair:2-4     Snake: Lair:2-4    Spider: Lair:2-4
    Orc: D:9-12

Altars:
Dithmenos
Elyvilon
Kikubaaqudgha
Makhleb
Okawaru
Ru
Sif Muna
Yredelemnul

Shops:
D:5 *   D:7 [}*   D:8 [   D:9 :

Annotations:
D:5 2 transporters, lasso's ghost, amateur TeSu
D:9 1 runed translucent door


Innate Abilities, Weirdness & Mutations

You are resistant to torment.
Your stone body is resilient. (AC +9)
You are immune to poison.
You resist negative energy. (rN+)
You are resistant to electric shocks. (rElec)
You can survive without breathing.
You are immune to petrification.
You are immune to miasma.


Message History

The death yak looks as sick as possible!
The death yak is severely wounded.
The death yak gores you but does no damage.
You whack the death yak!
The death yak is severely wounded.
You hit the death yak but do no damage.
The death yak is almost dead.
The death yak gores you but does no damage.
You barely miss the death yak.
The death yak is almost dead.
The death yak gores you!
* * * LOW HITPOINT WARNING * * *
You barely miss the death yak.
The death yak is almost dead.
You whack the death yak!
You kill the death yak!
Okawaru accepts your kill. The rime drake breathes ice at you.
The flash freeze hits you!! You partially resist.
You die...

.....................
..........................
≈≈.........................
≈≈≈.PP.....................
≈≈≈.P.......#..#.##.......
≈≈≈.........##.# #<....##
≈..........###.## #......#
≈.>........##...###.....#
≈.....[.....##..@†k.....#
≈≈≈.........##..##k.....#
≈..........##...##......#
≈≈.##......####.###.....#
≈####.......# ####.........
............# ##........
............. .........
.............. .........
....... ..........


You could see 2 rime drakes.

Vanquished Creatures
  A catoblepas (Lair:3)
  3 hydras
  4 death yaks (Lair:3)
  2 ugly things
  4 cane toads
  2 rime drakes (Lair:1)
  4 komodo dragons
  A queen bee (Lair:2)
  3 trolls
  A polar bear (Lair:3)
  A hornet (D:9)
  5 blink frogs (Lair:3)
  Sigmund (D:6)
  A vampire (D:10)
  11 yaks
  2 wyverns
  3 basilisks
  A steam dragon (D:9)
  Edmund (D:6)
  Menkaure (D:6)
  5 soldier ants (D:9)
  10 water moccasins
  5 orc warriors
  A hornet zombie (D:6)
  6 sky beasts
  3 black bears
  4 ogres
  7 ice beasts
  2 phantoms
  A necrophage (D:8)
  15 wolves
  6 centaurs
  3 big kobolds
  13 bullfrogs
  3 scorpions (D:6)
  38 killer bees
  7 wights
  3 electric eels (D:10)
  A howler monkey (D:4)
  3 bullfrog zombies
  A centaur zombie (D:8)
  2 jellies
  2 bullfrog skeletons
  4 orc priests
  8 hounds
  A gnoll shaman (D:7)
  6 iguanas
  13 worker ants
  3 orc wizards
  A killer bee zombie (D:8)
  A hound skeleton (D:6)
  Robin (D:2)
  A howler monkey zombie (D:7)
  A howler monkey skeleton (D:4)
  A worker ant zombie (D:6)
  8 gnolls
  15 adders
  3 shadow imps
  A white imp (D:5)
  An ufetubus (D:9)
  An ooze (D:4)
  2 adder zombies (D:6)
  5 worms
  An adder skeleton (D:7)
  4 leopard geckos
  29 orcs
  5 giant cockroaches
  2 gnoll zombies (D:2)
  18 goblins
  7 hobgoblins
  7 jackals
  20 kobolds
  5 quokkas
  6 ball pythons
  6 bats
  5 frilled lizards
  2 jackal skeletons
  A quokka skeleton (D:7)
  8 rats
  2 rat zombies (D:7)
398 creatures vanquished.

Vanquished Creatures (others)
  2 fungi (Lair:1)
  4 plants
6 creatures vanquished.

Grand Total: 404 creatures vanquished

Notes
Turn   | Place    | Note
-------+----------+-------------------------------------------
     0 | D:1      | Delamore the Gargoyle Fighter began the quest for the Orb.
     0 | D:1      | Reached XP level 1. HP: 14/14 MP: 1/1
   139 | D:1      | Reached XP level 2. HP: 19/19 MP: 2/2
   979 | D:1      | Reached XP level 3. HP: 23/23 MP: 3/3
  1214 | D:2      | Noticed Robin
  1250 | D:2      | Reached skill level 1 in Dodging
  1456 | D:2      | Found a shimmering blue altar of Sif Muna.
  1713 | D:2      | Killed Robin
  1714 | D:2      | Reached XP level 4. HP: 26/29 MP: 4/4
  1993 | D:2      | Found a basalt altar of Yredelemnul.
  2616 | D:3      | Found a faded altar of an unknown god.
  2859 | D:3      | Found a shadowy altar of Dithmenos.
  2859 | D:3      | Found an ancient bone altar of Kikubaaqudgha.
  2860 | D:3      | Found a sacrificial altar of Ru.
  2911 | D:3      | Reached skill level 3 in Maces & Flails
  2994 | D:4      | Reached XP level 5. HP: 33/33 MP: 5/5
  3319 | D:4      | Reached XP level 6. HP: 39/39 MP: 6/6
  3776 | D:5      | Entered Level 5 of the Dungeon
  3782 | D:5      | Noticed an ice beast
  3797 | D:5      | Killed an ice beast
  3901 | D:5      | Reached skill level 5 in Fighting
  3932 | D:5      | Reached skill level 5 in Shields
  3940 | D:5      | Noticed a phantom
  3946 | D:5      | Reached skill level 4 in Maces & Flails
  3946 | D:5      | Reached XP level 7. HP: 41/44 MP: 7/7
  4302 | D:5      | Found Nesamito's General Store.
  4312 | D:5      | Bought a potion of heal wounds for 70 gold pieces
  4312 | D:5      | Bought a scroll of teleportation for 42 gold pieces
  4447 | D:5      | Reached skill level 5 in Maces & Flails
  4671 | D:5      | Noticed lasso's ghost (amateur TeSu)
  4672 | D:5      | Found a transporter.
  4683 | D:5      | Identified the +10 great mace "Qonobef" {freeze, Int+10
                  | Stlth-}
  4685 | D:5      | Found a transporter.
  4874 | D:6      | Noticed Edmund
  4902 | D:6      | Killed Edmund
  4903 | D:6      | Reached skill level 6 in Maces & Flails
  4903 | D:6      | Reached XP level 8. HP: 23/49 MP: 8/8
  5148 | D:6      | Noticed Menkaure
  5154 | D:6      | Killed Menkaure
  5155 | D:6      | Reached skill level 7 in Maces & Flails
  5377 | D:6      | Found a burning altar of Makhleb.
  5586 | D:6      | Noticed Sigmund
  5605 | D:6      | Killed Sigmund
  5606 | D:6      | Reached skill level 8 in Maces & Flails
  5802 | D:6      | Found an iron altar of Okawaru.
  5952 | D:6      | Became a worshipper of Warmaster Okawaru
  6094 | D:6      | Reached skill level 9 in Maces & Flails
  6454 | D:6      | Reached XP level 9. HP: 51/54 MP: 9/9
  6624 | D:6      | Reached * piety under Okawaru
  6625 | D:6      | Reached skill level 10 in Maces & Flails
  6862 | D:7      | Found Nooffeimn's Antique Armour Shop.
  7123 | D:7      | Reached skill level 11 in Maces & Flails
  7294 | D:7      | Noticed a two-headed ogre
  7415 | D:7      | Found a staircase to the Ecumenical Temple.
  7418 | D:7      | Got a polished ring mail
  7459 | D:7      | Reached ** piety under Okawaru
  7468 | D:7      | Found Ykomeso's Assorted Antiques.
  7476 | D:7      | Bought a scroll labelled TYNIWK AVVIEHE for 23 gold pieces
  7476 | D:7      | Bought a scroll labelled NEAKHI MAYSYU for 23 gold pieces
  7476 | D:7      | Bought a potion of heal wounds for 115 gold pieces
  7539 | D:7      | Found a white marble altar of Elyvilon.
  7618 | D:7      | Found Golext's Gadget Emporium.
  7748 | D:7      | Identified the +1 ring mail "Ryurehig" {rCorr Str-4 Int+2
                  | Dex+4} (You found it on level 7 of the Dungeon)
  8487 | D:8      | Reached skill level 12 in Maces & Flails
  8496 | D:8      | Reached XP level 10. HP: 54/59 MP: 10/10
  8496 | D:8      | Reached *** piety under Okawaru
  9021 | D:8      | Reached skill level 13 in Maces & Flails
  9028 | D:8      | Reached **** piety under Okawaru
  9510 | D:8      | Found Owomig's Antique Armour Shop.
  9826 | D:9      | Identified Cainan's Disquisition on Intoxication
  9842 | D:9      | Reached skill level 1 in Invocations
 10051 | D:9      | Identified the Collected Works on Earthen Lightness
 10076 | D:9      | Found the +9 staff of Olgreb {rPois∞}
 10083 | D:9      | Found Neon's Book Shop.
 10100 | D:9      | Found a runed translucent door.
 10105 | D:9      | Found a runed translucent gate.
 10105 | D:9      | Found a runed translucent gate.
 10106 | D:9      | Found a runed translucent door.
 10128 | D:9      | Reached ***** piety under Okawaru
 10130 | D:9      | Found a runed translucent gate.
 10473 | D:9      | Reached XP level 11. HP: 60/65 MP: 8/13
 10523 | D:9      | Received a gift from Okawaru
 10562 | D:9      | Reached skill level 14 in Maces & Flails
 10965 | D:9      | Noticed a purple ugly thing
 10979 | D:9      | Killed a purple ugly thing
 10980 | D:9      | Reached skill level 5 in Invocations
 11032 | D:9      | HP: 3/67 [orc warrior/+2 halberd of venom (5)]
 11343 | D:9      | Received a gift from Okawaru
 11737 | D:10     | Entered Level 10 of the Dungeon
 11747 | D:10     | Noticed a white ugly thing
 11759 | D:10     | Killed a white ugly thing
 12345 | D:10     | Received a gift from Okawaru
 12346 | D:10     | Found a staircase to the Lair.
 12852 | Lair:1   | Entered Level 1 of the Lair of Beasts
 13233 | Lair:1   | Reached XP level 12. HP: 76/76 MP: 15/15
 13298 | Lair:1   | Reached skill level 15 in Maces & Flails
 13375 | Lair:1   | Noticed an eight-headed hydra
 13385 | Lair:1   | Killed an eight-headed hydra
 13386 | Lair:1   | Reached skill level 10 in Fighting
 14651 | Lair:2   | Reached ****** piety under Okawaru
 14805 | Lair:2   | Noticed a seven-headed hydra
 14814 | Lair:2   | Killed a seven-headed hydra
 14814 | Lair:2   | Received a gift from Okawaru
 15443 | Lair:2   | Noticed a five-headed hydra
 15456 | Lair:2   | Killed a five-headed hydra
 15989 | Lair:3   | Noticed a catoblepas
 16003 | Lair:3   | Killed a catoblepas
 16240 | Lair:3   | Noticed a death yak
 16240 | Lair:3   | Noticed a death yak
 16241 | Lair:3   | Noticed a death yak
 16241 | Lair:3   | Noticed a death yak
 16264 | Lair:3   | Killed a death yak
 16264 | Lair:3   | Received a gift from Okawaru
 16265 | Lair:3   | Reached XP level 13. HP: 44/84 MP: 16/16
 16299 | Lair:3   | Killed from afar by a rime drake

Illustrated notes

Levels and vault maps discovered:
D:1:      grunt_arrival_crossed_arrows, layout_basic,
          chequers_serial_rivers_micro_d
D:2:      layout_loops_corners, lemuel_coloured_pillars_altar,
          lemuel_zombie_altar_yredelemnul, minmay_tetromino_l2, uniq_robin
D:3:      layout_basic, gammafunk_temple_overflow_claw,
          chequers_ecumenical_altar_simple, moated_statue
D:4:      layout_cave_pools
D:5:      layout_rooms, serial_shops, shop, gammafunk_ghost_smash,
          saegor_snake_ambush
D:6:      kennysheep_windowed_halls, layout_loops_ring, marbit_many_paths,
          basic_altar, uniq_menkaure, uniq_sigmund, uniq_edmund
D:7:      layout_cave_pods, elyvilon_altar_3, minmay_temple_entry_purple_smoke,
          enter_ossuary_3, serial_shops, shop,
          nicolae_shop_temple_entry_statues_fountains, shop
D:8:      layout_basic, serial_shops, kennysheep_little_box
D:9:      layout_rooms, nicolae_overflow_hidden_temple, serial_shops, shop,
          minmay_guarded_unrand_staff_of_olgreb
D:10:     layout_cross, erik_lair_island
Lair:1:   layout_chaotic_city, fungi_pond_lemuel,
          chequers_serial_rivers_micro_a, ldierk_geyser
Lair:2:   layout_layer_cave, special_room [special_room_bee],
          guppyfry_lair_drakes
Lair:3:   layout_regular_city, serial_bayou_shore_a, infiniplex_staircase_pool

Skill      XL: |  1  2  3  4  5  6  7  8  9 10 11 12 |
---------------+-------------------------------------+-----
Dodging        | 1 2 3 |  3.0
Fighting       | 4 5 6 9 11 | 11.6
Shields        | 4 5 8 |  8.7
Maces & Flails | 3 4 6 9 12 13 14 15 | 15.9
Invocations    | 3 5 |  5.0
Armour         | |  3.2

Action                   |  1- 3 |  4- 6 |  7- 9 | 10-12 | 13-15 || total
-------------------------+-------+-------+-------+-------+-------++-------
Melee: Flail             |   139 |   182 |   514 |   533 |       ||  1368
       Demon whip        |       |       |       |   603 |    33 ||   636
       Morningstar       |       |       |       |   123 |       ||   123
Throw: Dart              |       |       |    19 |     5 |       ||    24
Invok: Finesse           |       |       |       |     1 |       ||     1
  Use: Scroll            |       |     1 |     5 |     6 |       ||    12
       Potion            |       |       |     1 |     1 |       ||     2
Armor: Ring mail         |    63 |    96 |   203 |       |       ||   362
       Scale mail        |     1 |       |       |       |       ||     1
       Plate armour      |       |       |    15 |   584 |       ||   599
       Storm dragon scal |       |       |       |   221 |     4 ||   225
Dodge: Dodged            |    45 |    91 |   199 |   305 |     4 ||   644
Block: Kite shield       |    65 |   119 |   238 |   652 |     6 ||  1080
